 Dungeon Crawl Stone Soup version 0.17-a0-119-g2b06fc5 (webtiles) character file.

324 Ngotmuk the Shield-Bearer (level 6, -2/48 HPs)
             Began as a Human Fighter on Mar 20, 2015.
             Killed from afar by Sigmund (11 damage)
             ... with a magic dart
             ... on level 4 of the Dungeon.
             The game lasted 00:09:44 (2980 turns).

Ngotmuk the Shield-Bearer (Human Fighter)           Turns: 2980, Time: 00:09:44

Health: -2/48      AC:  8    Str: 19    XL:     6   Next: 77%
Magic:  6/6        EV:  8    Int: 11    God:
Gold:   128        SH:  9    Dex: 12    Spells: 0 memorised, 5 levels left

rFire  . . .     SeeInvis .     a - +0 long sword
rCold  + . .     Clarity  .     l - +0 scale mail
rNeg   . . .     SustAb   .     t - +0 shield {rC+}
rPois  .         Gourm    .     (no helmet)
rElec  .         Spirit   .     q - +0 cloak
rCorr  .         Warding  .     (no gloves)
rMut   .         Stasis   .     (no boots)
MR     .....                    (no amulet)
Stlth  ..........               (no ring)
                                s - +3 ring of intelligence

@: not resistant to hostile enchantments, extremely unstealthy
A: no striking features
a: no special abilities


You were on level 4 of the Dungeon.
You were hungry.

You visited 1 branch of the dungeon, and saw 4 of its levels.

You collected 128 gold pieces.

Inventory:

Hand weapons
 a - a +0 long sword (weapon)
Armour
 l - a +0 scale mail (worn)
 q - a +0 cloak (worn)
 t - a +0 shield of cold resistance (worn)
Jewellery
 s - a +3 ring of intelligence (left hand)
Magical devices
 w - a wand of flame (0)
Scrolls
 i - 2 scrolls of random uselessness {unknown}
 k - 4 scrolls of recharging {unknown}
 m - 2 scrolls of identify {unknown}
 p - a scroll of enchant weapon {unknown}
 u - a scroll of remove curse
 v - a scroll of amnesia {unknown}
Potions
 b - a potion of poison {unknown}
 c - a potion of curing {unknown}
 e - a potion of might
 g - 4 potions of heal wounds {unknown}
 h - 2 potions of agility {unknown}
 j - a potion of resistance {unknown}
 n - 2 potions of magic {unknown}
 o - a potion of flight {unknown}
 r - a potion of brilliance {unknown}
Comestibles
 d - 4 bread rations
 f - a meat ration


   Skills:
 + Level 3.9 Fighting
 + Level 3.3 Long Blades
 + Level 4.0 Armour
 + Level 2.8 Dodging
 + Level 4.2 Shields


You had 5 spell levels left.
You didn't know any spells.

Dungeon Overview and Level Annotations

Branches:
Dungeon (4/15)
 Temple: D:4-7

Altars:
Makhleb
Trog
Vehumet

Annotations:
D:4 Sigmund


Message History

Deactivating autopickup; reactivate with Ctrl-A.
You barely miss something.
You are feeling hungry.
You bump into the rock wall.
Something hits you.
You barely miss something. Something hits you!
You bump into the rock wall.
You feel less confused.
You barely miss something. Something hits you!
You hit something but do no damage. You block its attack.
You barely miss something. Something hits you.
* * * LOW HITPOINT WARNING * * *
You miss something. Something hits you.
* * * LOW HITPOINT WARNING * * *
You closely miss something.
You hear some strange, mumbled words.
The magic dart hits you!
You closely miss something.
You hear some strange, mumbled words.
The magic dart hits you!
You die...

.# .# [## ..##
...########
########/##..
..........# #...@{.....#
...######.# #.#####...##
..#######.###.###......#
...........[......#.# .
.#...####.....).....#
.#...# #####.####..#
.....# #.# ..... .....#
#.# ..#.# ##...#
######.####.....


There were no monsters in sight!

Vanquished Creatures
  2 crimson imps (D:3)
  A centaur skeleton (D:3)
  A giant frog skeleton (D:4)
  A hound skeleton (D:4)
  7 adders
  4 gnolls (D:3)
  5 worms
  An adder skeleton (D:4)
  2 giant geckos
  2 oozes
  An orc (D:3)
  6 bats
  3 giant cockroaches
  4 hobgoblins
  10 jackals
  A quokka (D:3)
  A ball python (D:1)
  3 giant newts
  10 goblins
  7 kobolds
  11 rats
83 creatures vanquished.

Notes
Turn   | Place    | Note
--------------------------------------------------------------
     0 | D:1      | Ngotmuk, the Human Fighter, began the quest for the Orb.
     0 | D:1      | Reached XP level 1. HP: 18/18 MP: 1/1
    63 | D:1      | Reached XP level 2. HP: 5/24 MP: 2/2
   306 | D:1      | Reached skill level 1 in Dodging
   683 | D:1      | Reached XP level 3. HP: 27/29 MP: 3/3
  1054 | D:2      | Reached XP level 4. HP: 24/35 MP: 4/4
  1294 | D:2      | Noticed a moth of wrath
  1297 | D:2      | Found a bloodstained altar of Trog.
  1424 | D:2      | Reached XP level 5. HP: 31/41 MP: 5/5
  2273 | D:3      | Reached skill level 4 in Shields
  2273 | D:3      | Reached XP level 6. HP: 47/47 MP: 6/6
  2823 | D:3      | Found a burning altar of Makhleb.
  2823 | D:3      | Found a radiant altar of Vehumet.
  2963 | D:4      | Noticed Sigmund
  2980 | D:4      | Killed from afar by Sigmund

Action                   |  1- 3 |  4- 6 || total
-------------------------+-------+-------++-------
Melee: Long sword        |   102 |   198 ||   300
  Use: Scroll            |       |     1 ||     1
  Eat: Fruit             |     1 |     1 ||     2
       Meat ration       |       |     1 ||     1
